 Dungeon Crawl Stone Soup version 0.22-a0-443-g17c3723 (webtiles) character file.

14913 hittemvvvvvvhard the Cleaver (level 11, -16/105 HPs)
             Began as a Minotaur Abyssal Knight on June 1, 2018.
             Was an Elder of Lugonu.
             Demolished by Urug
             ... wielding a +5 war axe
              (29 damage)
             ... on level 3 of the Lair of Beasts.
             The game lasted 00:50:00 (13647 turns).

hittemvvvvvvhard the Cleaver (MiAK)                Turns: 13647, Time: 00:50:00

Health: -16/105    AC: 13    Str: 20    XL:     11   Next: 95%
Magic:  15/15      EV: 15    Int:  9    God:    Lugonu [****..]
Gold:   1270       SH:  0    Dex: 10    Spells: 10/10 levels left

rFire    . . .     SeeInvis .   D - +0 battleaxe
rCold    + . .     Gourm    .   (shield currently unavailable)
rNeg     . . .     Faith    .   E - +4 scale mail {rC+} {rC+}
rPois    .         Spirit   .   (helmet restricted)
rElec    .         Reflect  .   r - +0 cloak
rCorr    .         Harm     .   (no gloves)
MR       +....                  (no boots)
Stlth    ..........             u - amulet of regeneration
HPRegen  0.67/turn              A - +2 ring of evasion
MPRegen  0.14/turn              M - ring of protection from magic

@: lethally poisoned (-16 -> -17), about to teleport
A: retaliatory headbutt, horns 2
a: Depart the Abyss, Bend Space, Banish, Corrupt, Renounce Religion


You were on level 3 of the Lair of Beasts.
You worshipped Lugonu.
Lugonu was greatly pleased with you.
You were not hungry.

You visited 3 branches of the dungeon, and saw 14 of its levels.
You visited the Abyss 1 time.
You also visited: Bailey.

You collected 1270 gold pieces.

Inventory:

Hand Weapons
 D - a +0 battleaxe (weapon)
Missiles
 b - 20 tomahawks of returning (quivered)
 s - a throwing net {=f!t}
 w - 12 tomahawks
 G - 30 poisoned needles
 Q - 181 stones
Armour
 r - a +0 cloak (worn)
 E - a +4 scale mail of cold resistance (worn) {rC+}
Jewellery
 u - an amulet of regeneration (around neck)
 A - a +2 ring of evasion (left hand)
 M - a ring of protection from magic (right hand)
Wands
 j - a wand of scattershot (6)
 B - a wand of flame (22)
 I - a wand of random effects (25)
 K - a wand of polymorph (10)
 L - a wand of acid (7)
 N - a wand of paralysis (10)
Scrolls
 a - 2 scrolls of fog
 o - 2 scrolls of blinking {unknown}
 p - 8 scrolls of remove curse
 q - 2 scrolls of immolation {unknown}
 t - 2 scrolls of teleportation
 y - 4 scrolls of magic mapping {!r}
 z - 2 scrolls of amnesia {unknown}
 C - 2 scrolls of enchant weapon
 F - a scroll of vulnerability {unknown}
 H - a scroll of enchant armour
 O - a scroll of brand weapon {unknown}
Potions
 d - 2 potions of resistance {unknown}
 e - 3 potions of curing
 f - a potion of degeneration {unknown}
 g - 3 potions of agility
 h - a potion of cancellation
 k - 2 potions of might {unknown}
 l - 3 potions of flight
 m - 2 potions of haste {unknown}
 n - a potion of lignification {!q}
 v - 2 potions of brilliance {unknown}
 x - 2 potions of ambrosia
Miscellaneous
 R - a phantom mirror
Comestibles
 c - 15 rations
 i - 11 chunks of flesh


   Skills:
 - Level 12.4 Fighting
 + Level 13.3 Axes
 + Level 6.7 Armour
 + Level 9.1 Dodging
 * Level 7.7 Invocations


You had 10 spell levels left.
You didn't know any spells.
Your spell library was empty.

Dungeon Overview and Level Annotations

Branches:
Dungeon (10/15)            Temple (1/1) D:5            Lair (3/6) D:10
    Orc (0/2) D:9
  Swamp: Lair:2-4    Shoals: Lair:2-4     Snake: Lair:2-4    Spider: Lair:2-4

Altars:
Ashenzari
Cheibriados
Dithmenos
Elyvilon
Fedhas
Gozag
Hepliaklqana
Kikubaaqudgha
Makhleb
Nemelex Xobeh
Okawaru
Qazlal
Ru
Sif Muna
Trog
Uskayaw
Vehumet
Wu Jian
Xom
Yredelemnul
Zin
The Shining One

Annotations:
D:3 2 transporters
D:4 exclusion: downstairs
D:5 exclusion: downstairs
D:7 exclusion: downstairs
D:8 exclusion: 2 downstairs
D:9 exclusion: downstairs
Lair:1 exclusion: downstairs
Lair:2 hydra, exclusion: downstairs
Lair:3 exclusion: oklob plant, Urug


Innate Abilities, Weirdness & Mutations

You reflexively headbutt those who attack you in melee.
You have a pair of horns on your head.


Message History

You take 5 damage, and have 32/105 hp.
You barely miss Urug. You barely miss the water moccasin.
You feel sick.
The water moccasin bites you but does no damage.
Urug hits you with an enchanted war axe!
* * * LOW HITPOINT WARNING * * *
The water moccasin closely misses you.
You take 10 damage, and have 22/105 hp.
Okay, then.
Aim: Urug, wielding an enchanted war axe and wearing a shiny scale mail (severely wounded)
The bolt of acid hits Urug.
Urug is splashed with acid.
The acid corrodes Urug!
The water moccasin barely misses you.
Urug hits you with an enchanted war axe!
* * * LOW HITPOINT WARNING * * *
You take 9 damage, and have 13/105 hp.
As you read the scroll of teleportation, it crumbles to dust.
You feel strangely unstable.
You feel sick.
The water moccasin bites you but does no damage.
Urug hits you with an enchanted war axe!!
You die...

......$#.#... ....#.
............ ........
...........♣ ♣.......
..........♣ ♣.......
#....P...♣# #♣....#
#.....#..♣♣♣.....###
#........(..........
##.S....#..#.......
#@†##.#..#..#.....
#....o...#.............
#..............#...PPP#.
#....=..................
##...>....#.............
#........#[............
#...........##..........
#........... ###########


You could see Urug and a water moccasin.

Vault maps used:
D:1:      ldierk_water_garden
D:2:      grunt_temple_overflow_order_and_chaos_1, uniq_crazy_yiuf_cottage
D:3:      gammafunk_temple_overflow_arena
D:4:      kennysheep_spiral_hall
D:5:      first_ration, grunt_ministairs_9, uniq_duvessa, uniq_pikel
D:6:      chequers_temple_overflow_statue_of_worship,
          grunt_temple_overflow_open, uniq_sigmund
D:8:      grunt_temple_overflow_holy_war, kennysheep_mini, elyvilon_altar_3,
          basic_altar, enter_bailey_3, uniq_psyche, uniq_erica,
          uniq_prince_ribbit1
D:9:      orc_0_dummy
D:10:     lair_entry_dummy
Temple:   dpeg_three_leaves_temple
Lair:2:   swamp_mist, hibernation_bobbens
Lair:3:   st_stairs_5, minmay_lair_oklob_bushes, minivault_24,
          minmay_stone_trees_small, serial_bayou_lagoon_b, uniq_urug
Bailey:   bailey_axe_3, bailey

Notes
Turn   | Place    | Note
-------+----------+-------------------------------------------
     0 | Abyss:1  | hittemvvvvvvhard the Minotaur Abyssal Knight began the quest for the Orb.
     0 | Abyss:1  | Reached XP level 1. HP: 19/19 MP: 1/1
    36 | Abyss:1  | Noticed a small abomination
    43 | Abyss:1  | Noticed a spatial vortex
    46 | Abyss:1  | Noticed a spatial vortex
    46 | Abyss:1  | Noticed a spatial maelstrom
    47 | Abyss:1  | Noticed a spatial vortex
    47 | D:1      | Escaped the Abyss
    79 | D:1      | Reached skill level 4 in Fighting
    92 | D:1      | Reached XP level 2. HP: 27/27 MP: 2/2
   191 | D:1      | Reached * piety under Lugonu
   710 | D:1      | Reached skill level 3 in Axes
   724 | D:1      | Reached XP level 3. HP: 34/34 MP: 3/3
  1079 | D:2      | Reached skill level 5 in Fighting
  1098 | D:2      | Found a shimmering altar of Xom.
  1101 | D:2      | Noticed an angel
  1104 | D:2      | Found a glowing silver altar of Zin.
  1130 | D:2      | You fall through a shaft!
  1146 | D:3      | Reached skill level 4 in Axes
  1146 | D:3      | Reached XP level 4. HP: 29/42 MP: 4/4
  1511 | D:3      | Reached XP level 5. HP: 41/49 MP: 5/5
  1580 | D:3      | Found an ancient bone altar of Kikubaaqudgha.
  1592 | D:3      | Found a transporter.
  1598 | D:3      | Noticed a two-headed ogre
  1602 | D:3      | Found a transporter.
  1612 | D:3      | Found a stormy altar of Qazlal.
  1849 | D:2      | Found a runed door.
  1853 | D:2      | Noticed Crazy Yiuf
  1858 | D:2      | Killed Crazy Yiuf
  1858 | D:2      | Reached ** piety under Lugonu
  2339 | D:4      | Reached skill level 6 in Fighting
  2339 | D:4      | Reached skill level 5 in Axes
  2411 | D:4      | Noticed Pawles22's ghost (amateur MiMo)
  2801 | D:4      | Noticed an ogre
  2803 | D:4      | Killed an ogre
  2803 | D:4      | Reached XP level 6. HP: 58/58 MP: 6/6
  2886 | D:4      | Killed Pawles22's ghost
  2886 | D:4      | Reached skill level 7 in Fighting
  2886 | D:4      | Reached skill level 6 in Axes
  3065 | D:4      | Reached XP level 7. HP: 62/66 MP: 7/7
  3704 | D:5      | Entered Level 5 of the Dungeon
  3753 | D:5      | Found a staircase to the Ecumenical Temple.
  3760 | Temple   | Entered the Ecumenical Temple
  3878 | D:5      | Reached skill level 7 in Axes
  3900 | D:5      | Noticed Gorglomux's ghost (novice GrFi)
  3908 | D:5      | Noticed Pikel
  4325 | D:5      | Reached skill level 8 in Fighting
  4347 | D:5      | Killed Pikel
  4347 | D:5      | Reached skill level 9 in Fighting
  4347 | D:5      | Reached skill level 8 in Axes
  4347 | D:5      | Reached XP level 8. HP: 68/78 MP: 8/8
  4720 | D:5      | Killed Gorglomux's ghost
  4720 | D:5      | Reached skill level 10 in Fighting
  4720 | D:5      | Reached skill level 9 in Axes
  5234 | D:5      | Noticed Dowan
  5238 | D:5      | Killed Dowan
  5247 | D:5      | Noticed Duvessa
  5263 | D:5      | Killed Duvessa
  5263 | D:5      | Reached skill level 2 in Dodging
  5478 | D:6      | Reached XP level 9. HP: 50/86 MP: 9/9
  5542 | D:6      | Noticed Sigmund
  5654 | D:6      | Reached skill level 10 in Axes
  5668 | D:6      | Reached skill level 3 in Dodging
  5769 | D:6      | Killed Sigmund
  5770 | D:6      | Reached *** piety under Lugonu
  5789 | D:6      | Found a hazy altar of Hepliaklqana.
  5791 | D:6      | Found a radiant altar of Vehumet.
  6057 | D:6      | Found a bloodstained altar of Trog.
  6057 | D:6      | Found a sparkling altar of Nemelex Xobeh.
  6058 | D:6      | Found a hide-covered altar of Uskayaw.
  6112 | D:6      | Reached skill level 4 in Dodging
  6338 | D:7      | Reached skill level 11 in Fighting
  6512 | D:7      | Identified a +2 scale mail of cold resistance (You took it off an orc on level 7 of the Dungeon)
  6527 | D:7      | Identified a +0 chain mail (You found it on level 4 of the Dungeon)
  6712 | D:7      | HP: 18/89 [orc warrior/war axe (22)]
  6858 | D:7      | Identified a +0 plate armour (You took it off an orc warrior on level 7 of the Dungeon)
  6955 | D:7      | Reached skill level 11 in Axes
  6955 | D:7      | Reached skill level 5 in Dodging
  7308 | D:7      | Identified 2 scrolls of enchant weapon
  7309 | D:7      | Identified a scroll of random uselessness
  7311 | D:7      | Identified a potion of cancellation
  7352 | D:8      | Found a snail-covered altar of Cheibriados.
  7358 | D:8      | Noticed Psyche
  7363 | D:8      | Killed Psyche
  7378 | D:8      | Reached **** piety under Lugonu
  7381 | D:8      | Found a flagged portal.
  7387 | Bailey   | Entered a bailey
  7527 | Bailey   | Reached XP level 10. HP: 58/97 MP: 10/10
  7530 | Bailey   | Found a bloodstained altar of Trog.
  7766 | D:8      | Noticed Prince Ribbit
  7783 | D:8      | Killed Prince Ribbit
  7791 | D:8      | Noticed Erica
  7819 | D:8      | Identified a +0 battleaxe (You found it on level 8 of the Dungeon)
  7847 | D:8      | Reached skill level 6 in Dodging
  7901 | D:8      | Killed Erica
  7901 | D:8      | Reached skill level 12 in Fighting
  7950 | D:8      | Identified a +2 robe of magic resistance (You took it off Erica on level 8 of the Dungeon)
  8058 | D:8      | Identified a +0 cloak (You took it off Crazy Yiuf on level 2 of the Dungeon)
  8346 | D:8      | Found a blossoming altar of Fedhas.
  8424 | D:8      | Found a basalt altar of Yredelemnul.
  8429 | D:8      | Found a glowing golden altar of the Shining One.
  8431 | D:8      | Noticed an angel
  8514 | D:8      | Noticed a two-headed ogre
  8695 | D:8      | Found a white marble altar of Elyvilon.
  8767 | D:8      | HP: 12/97 [two-headed ogre/giant spiked club (31)]
  8767 | D:8      | HP: 5/97 [two-headed ogre/giant spiked club (7)]
  9065 | D:8      | Banished a two-headed ogre
  9065 | D:8      | Reached skill level 12 in Axes
  9065 | D:8      | Reached skill level 7 in Dodging
  9207 | D:8      | Reached skill level 2 in Invocations
  9421 | D:9      | Reached skill level 3 in Armour
  9421 | D:9      | Reached skill level 3 in Invocations
  9643 | D:9      | Noticed a two-headed ogre
  9657 | D:9      | Banished a two-headed ogre
  9663 | D:9      | Reached skill level 4 in Invocations
  9809 | D:9      | Found a staircase to the Orcish Mines.
 10247 | D:10     | Entered Level 10 of the Dungeon
 10253 | D:9      | Reached skill level 4 in Armour
 10312 | D:10     | Reached XP level 11. HP: 98/105 MP: 13/13
 10672 | D:10     | Found a staircase to the Lair.
 10908 | D:10     | Reached skill level 5 in Invocations
 11066 | D:10     | Killed an unseen horror
 11066 | D:10     | Reached skill level 8 in Dodging
 11370 | Lair:1   | Entered Level 1 of the Lair of Beasts
 11404 | Lair:1   | Reached skill level 5 in Armour
 12384 | Lair:2   | Reached skill level 6 in Invocations
 12808 | Lair:2   | Reached skill level 13 in Axes
 12814 | Lair:2   | Reached skill level 6 in Armour
 12891 | Lair:2   | Noticed a five-headed hydra
 12904 | Lair:1   | Reached skill level 7 in Invocations
 13178 | Lair:2   | Identified 3 potions of curing
 13211 | Lair:1   | Identified a ring of protection from magic (You found it on level 2 of the Lair of Beasts)
 13213 | Lair:1   | Identified a ring of protection (You found it on level 2 of the Lair of Beasts)
 13215 | Lair:1   | Identified a ring of intelligence (You found it on level 1 of the Lair of Beasts)
 13460 | Lair:3   | Reached skill level 9 in Dodging
 13463 | Lair:3   | Noticed an oklob plant
 13628 | Lair:3   | Noticed Urug
 13645 | Lair:3   | HP: 22/105 [Urug/enchanted war axe (9)]
 13647 | Lair:3   | Identified a +5 war axe
 13647 | Lair:3   | Demolished by Urug

Table legend:
 A = Turns spent in this place as a percentage of turns spent in the entire game.
 B = Non-inter-level travel turns spent in this place as a percentage of non-inter-level travel turns spent in the entire game.
 C = Inter-level travel turns spent in this place as a percentage of turns spent in this place.
 D = Turns resting spent in this place as a percentage of non-inter-level travel turns spent in this place.
 E = Turns spent auto-exploring this place as a percentage of non-inter-level travel turns spent in this place.
 F = Non-inter-level travel turns spent in this place divided by the number of levels of this place that you've seen.
                   A       B       C       D       E      F
               +-------+-------+-------+-------+-------+----------------------
         Total | 100.0 | 100.0 |   5.7 |   5.7 |  72.3 | 804.2
       Dungeon |  79.8 |  80.1 |   5.4 |   6.2 |  73.1 | 1030.7
        Temple |   0.6 |   0.5 |  19.0 |   0.0 |  97.1 |  68.0
          Lair |  16.7 |  16.3 |   7.8 |   1.4 |  77.4 | 699.7
         Abyss |   0.3 |   0.4 |   0.0 |   0.0 |   0.0 |  47.0
        Bailey |   2.5 |   2.7 |   0.0 |  18.5 |  23.4 | 346.0
               +-------+-------+-------+-------+-------+----------------------

Table legend:
 A = Kills in this place as a percentage of kills in entire the game.
 B = Kills by you in this place as a percentage of kills by you in the entire game.
 C = Kills by friends in this place as a percentage of kills by friends in the entire game.
 D = Other kills in this place as a percentage of other kills in the entire game.
 E = Experience gained in this place as a percentage of experience gained in the entire game.
 F = Experience gained in this place divided by the number of levels of this place that you have seen.
                   A       B       C       D       E      F
               +-------+-------+-------+-------+-------+----------------------
         Total | 100.0 | 100.0 |   N/A | 100.0 | 100.0 | 1331.6
       Dungeon |  79.9 |  80.6 |   N/A |  40.0 |  61.1 | 1300.9
          Lair |  14.3 |  13.8 |   N/A |  40.0 |  37.1 | 2635.0
        Bailey |   5.9 |   5.6 |   N/A |  20.0 |   1.8 | 391.0
               +-------+-------+-------+-------+-------+----------------------

Skill      XL: |  1  2  3  4  5  6  7  8  9 10 11 |
---------------+----------------------------------+-----
Fighting       | 4 5 6 7 9 10 11 12 | 12.4
Axes           | 3 4 5 6 8 9 11 12 13 | 13.3
Dodging        | 2 5 7 9 |  9.1
Invocations    | 4 7 |  7.7
Armour         | 4 6 |  6.7

Action                   |  1- 3 |  4- 6 |  7- 9 | 10-12 || total
-------------------------+-------+-------+-------+-------++-------
Melee: Hand axe          |    67 |    16 |       |       ||    83
       Headbutt          |     8 |     9 |    54 |    77 ||   148
       War axe           |       |    64 |   301 |    11 ||   376
       Battleaxe         |       |       |       |   368 ||   368
Throw: Throwing net      |       |       |     2 |       ||     2
       Tomahawk          |       |       |       |    67 ||    67
       Javelin           |       |       |       |     7 ||     7
       Stone             |       |       |       |     5 ||     5
Invok: Depart the Abyss  |     1 |       |       |       ||     1
       Banish            |       |       |     1 |     4 ||     5
       Bend Space        |       |       |       |     1 ||     1
Evoke: Wand              |       |     3 |    24 |    23 ||    50
  Use: Scroll            |       |     2 |    16 |     3 ||    21
       Potion            |       |       |     2 |     2 ||     4
 Stab: Paralysed         |       |       |     8 |     4 ||    12
  Eat: Chunk             |     1 |     6 |     7 |    11 ||    25
       Ration            |       |       |     2 |     3 ||     5
Armor: Leather armour    |     4 |       |       |       ||     4
       Scale mail        |    24 |    31 |    46 |   173 ||   274
       Chain mail        |       |       |    87 |       ||    87
       Skin              |       |       |    29 |       ||    29
Dodge: Dodged            |    23 |    40 |   169 |   332 ||   564

Vanquished Creatures
  Erica (D:8)
  An unseen horror (D:10)
  The ghost of Gorglomux the Skirmisher, a novice GrFi of Okawaru (D:5)
  Pikel (D:5)
  2 black mambas
  A centaur zombie (D:9)
  3 spiny frogs
  Psyche (D:8)
  A centaur skeleton (D:10)
  A komodo dragon (Lair:2)
  Prince Ribbit (D:8)
  4 hippogriffs
  Sigmund (D:6)
  2 wyverns
  A shadow (D:8)
  The ghost of Pawles22 the Ruffian, an amateur MiMo (D:4)
  14 yaks
  5 water moccasins
  5 orc warriors
  4 porcupines
  Duvessa (D:5)
  2 slaves (D:5)
  3 ice beasts
  A necrophage (D:6)
  3 ogres
  4 wolves (Lair:2)
  2 centaurs
  3 crocodiles
  9 bullfrogs
  A gnoll sergeant (D:9)
  4 scorpions
  A wyvern skeleton (D:7)
  A water moccasin skeleton (D:10)
  Dowan (D:5)
  5 killer bees
  2 howler monkeys
  4 crimson imps
  A quasit (D:10)
  4 hounds
  A bullfrog skeleton (D:9)
  3 orc priests
  A jelly (D:10)
  Crazy Yiuf (D:2)
  4 iguanas
  8 orc wizards
  6 worker ants
  A killer bee zombie (D:7)
  A hound zombie (D:7)
  2 worker ant zombies
  8 gnolls
  2 howler monkey skeletons
  11 adders
  2 shadow imps
  2 oozes
  An adder skeleton (D:4)
  4 worms
  4 dart slugs
  3 leopard geckos
  31 orcs
  6 bats
  4 giant cockroaches
  9 goblins
  8 hobgoblins
  8 jackals
  6 quokkas
  A ball python (D:1)
  3 frilled lizards
  A giant cockroach zombie (D:6)
  A jackal skeleton (D:4)
  15 kobolds
  A leopard gecko skeleton (D:8)
  A leopard gecko zombie (D:5)
  A quokka skeleton (D:9)
  A quokka zombie (D:3)
  5 rats
270 creatures vanquished.

Vanquished Creatures (others)
  2 two-headed ogres
  A spiny frog (Lair:1)
  A komodo dragon (Lair:2)
  An orc warrior (Bailey)
  A slave (D:5)
  An orc wizard (D:5)
  3 fungi
  4 toadstools (D:1)
14 creatures vanquished.

Grand Total: 284 creatures vanquished
